 Dungeon Crawl Stone Soup version 0.24.1-4-ge52af88ad5 (webtiles) character file.

Game seed: 14955741535151197948, levelgen mode: deterministic

18882 Gabide the Basher (level 13, -3/103 HPs)
             Began as a Human Fighter on Apr 13, 2020.
             Was an Elder of Qazlal.
             Slain by Jorgrun
             ... wielding an uncursed staff of earth
              (5 damage)
             ... while petrified by Jorgrun
             ... on level 12 of the Dungeon.
             The game lasted 00:58:14 (12020 turns).

Gabide the Basher (Human Fighter)                  Turns: 12020, Time: 00:58:15

Health: -3/103     AC: 21    Str: 22    XL:     13   Next: 0%
Magic:  17/17      EV: -1    Int:  9    God:    Qazlal [****..]
Gold:   87         SH:  0    Dex: 14    Spells: 12/12 levels left

rFire    + . .     SeeInvis .   b - +8 war axe of Dissent {drain, rF+ rC- Str+2}
rCold    . . .     Gourm    .   c - +0 shield
rNeg     + + +     Faith    .   w - +2 chain mail
rPois    ∞         Spirit   .   (no helmet)
rElec    .         Reflect  .   i - +2 cloak
rCorr    .         Harm     .   N - +2 pair of gloves
MR       .....                  m - +0 pair of boots
Stlth    ..........             (no amulet)
HPRegen  0.27/turn              H - ring of positive energy
MPRegen  0.15/turn              G - ring of protection from cold

@: petrified, grasped by roots, constricted, repel missiles
A: no striking features
a: Upheaval, Elemental Force, Renounce Religion


You were on level 12 of the Dungeon.
You worshipped Qazlal.
Qazlal was greatly pleased with you.
You were not hungry.

You visited 1 branch of the dungeon, and saw 12 of its levels.

You collected 949 gold pieces.
You spent 862 gold pieces at shops.

Inventory:

Hand Weapons
 a - a +2 flail
 b - the +8 war axe of Dissent (weapon) {drain, rF+ rC- Str+2}
   (You bought it in a shop on level 9 of the Dungeon)

   A truly terrible weapon, it drains the life of those it strikes.
   It affects your strength (+2).
   It protects you from fire.
   It makes you vulnerable to cold.
 B - a +3 great mace of crushing
Missiles
 I - 4 boomerangs (quivered)
Armour
 c - a +0 shield (worn)
 i - a +2 cloak (worn)
 j - a +0 pair of gloves
 l - a +0 plate armour
 m - a +0 pair of boots (worn)
 n - a scarf of spirit shield
 w - a +2 chain mail (worn)
 N - a +2 pair of gloves (worn)
Jewellery
 e - an uncursed ring of stealth
 y - a +4 ring of evasion
 G - a ring of protection from cold (right hand)
 H - a ring of positive energy (left hand)
 P - an uncursed ring of wizardry
Wands
 d - a wand of iceblast (2)
 r - a wand of digging (10)
 s - a wand of enslavement (3)
 K - a wand of random effects (11)
Scrolls
 p - 2 scrolls of amnesia
 q - 3 scrolls of remove curse
 D - a scroll of noise {unknown}
 F - a scroll of fog
 M - a scroll of blinking
Potions
 g - a potion of flight {unknown}
 h - 3 potions of mutation
 k - 4 potions of cancellation
 o - 2 potions of lignification
 x - 2 potions of curing
 z - a potion of degeneration {unknown}
 C - a potion of berserk rage {unknown}
 J - a potion of brilliance {unknown}
 O - 2 potions of haste
Miscellaneous
 t - a box of beasts
 u - a lamp of fire (inert)
 v - a lightning rod (inert)
 A - a crystal ball of energy
Comestibles
 f - 19 rations


   Skills:
 + Level 10.2 Fighting
 * Level 2.3(8.7) Axes
 - Level 12.7(12.8) Maces & Flails
 - Level 4.8 Throwing
 + Level 9.2 Armour
 - Level 0.2 Stealth
 * Level 6.0 Shields
 + Level 5.8 Invocations
 - Level 0.6 Evocations


You had 12 spell levels left.
You didn't know any spells.
Your spell library contained the following spells:

 Spells                   Type           Power        Failure   Level  Hunger
 Magic Dart               Conj           #...         100%        1    ##.....
 Sandblast                Erth           #.....       100%        1    ##.....
 Sting                    Conj/Pois      #...         100%        1    ##.....
 Blink                    Tloc           N/A          100%        2    ###....
 Passwall                 Tmut/Erth      #.......     100%        2    ###....
 Poisonous Vapours        Pois/Air       #.....       100%        2    ###....
 Searing Ray              Conj           #.....       100%        2    ###....
 Shroud of Golubria       Chrm/Tloc      #.....       100%        2    ###....
 Dazzling Spray           Conj/Hex       #.....       100%        3    ####...
 Gell's Gravitas          Tloc           #.........   100%        3    ####...
 Lesser Beckoning         Tloc           #.........   100%        3    ####...
 Mephitic Cloud           Conj/Pois/Air  #.......     100%        3    ####...
 Teleport Other           Tloc           #.......     100%        3    ####...
 Force Lance              Conj/Tloc      #.......     100%        4    #####..
 Fulminant Prism          Conj/Hex       #.........   100%        4    #####..
 Iskenderun's Mystic Bla  Conj           #.......     100%        4    #####..
 Olgreb's Toxic Radiance  Pois           #.......     100%        4    #####..
 Passage of Golubria      Tloc           N/A          100%        4    #####..
 Venom Bolt               Conj/Pois      #.........   100%        5    ######.
 Iron Shot                Conj/Erth      #.........   100%        6    #######


Dungeon Overview and Level Annotations

Branches:
Dungeon (12/15)            Temple (0/1) D:7            Lair (0/6) D:11
    Orc: D:9-12

Altars:
Elyvilon
Hepliaklqana
Kikubaaqudgha
Makhleb
Nemelex Xobeh
Qazlal
Sif Muna
Vehumet
The Shining One
Beogh

Shops:
D:5 }   D:9 (   D:12 (

Annotations:
D:5 2 runed translucent doors, VPR's ghost, novice GrEE
D:12 Jorgrun


Message History

Jorgrun hits you with an uncursed staff of earth.
* * * LOW HITPOINT WARNING * * *
Jorgrun crushes you!
* * * LOW HITPOINT WARNING * * *
Jorgrun gestures at you while chanting.
Roots burst forth from the earth!
The grasping roots grab you! The grasping roots constrict you.
Jorgrun hits you but does no damage.
* * * LOW HITPOINT WARNING * * *
The grasping roots constrict you.
Jorgrun points at you and mumbles some strange words.
The wall shatters!
The blast of rock fragments hits you!
* * * LOW HITPOINT WARNING * * *
x2 The grasping roots constrict you.
Jorgrun hits you with an uncursed staff of earth.
* * * LOW HITPOINT WARNING * * *
Jorgrun crushes you!
* * * LOW HITPOINT WARNING * * *
You die...

## #..........# ...
#....^.....# ...!
#..........# .....
#..........#
.....)#####..........#
.....)oog.#..........#
......###@#<..[......#
..... #..§.........#
.... ###..........#..
... #............# ..
#..........## #
######.##### ###...#
#...### # ####+#####
###'########### #


You could see Jorgrun and 2 orcs.

Vanquished Creatures
  Harold (D:8)
  A two-headed ogre (D:10)
  The ghost of Curus the Spear-Bearer, a novice DsBe of Trog (D:9)
  Pikel (D:8)
  An ugly thing (D:12)
  A cyclops (D:12)
  Maurice (D:8)
  2 centaur zombies
  Psyche (D:8)
  A centaur skeleton (D:12)
  A troll (D:9)
  3 hippogriffs
  A vampire (D:9)
  2 meliai zombies
  A wyvern (D:9)
  A wraith (D:12)
  24 yaks
  A steam dragon (D:7)
  Grum (D:8)
  2 hungry ghosts
  A soldier ant (D:10)
  Menkaure (D:7)
  5 ice beasts
  2 porcupines
  2 slaves (D:8)
  A hornet zombie (D:7)
  A necrophage (D:12)
  10 orc warriors
  2 sky beasts
  An eye of draining (D:10)
  5 phantoms
  10 ogres
  3 wolves (D:8)
  6 centaurs
  4 crocodiles
  11 bullfrogs
  2 wyvern zombies
  A wyvern skeleton (D:10)
  9 scorpions
  3 killer bees (D:12)
  8 wights
  7 howler monkeys
  6 crimson imps
  2 bullfrog zombies (D:12)
  6 orc priests
  4 bullfrog skeletons
  7 hounds
  5 jellies
  7 iguanas
  9 orc wizards
  3 worker ants
  A killer bee zombie (D:7)
  2 hound skeletons
  A mummy (D:9)
  A howler monkey zombie (D:7)
  7 gnolls (D:5)
  A howler monkey skeleton (D:7)
  15 adders
  4 shadow imps
  2 oozes
  An adder zombie (D:10)
  An adder skeleton (D:6)
  5 worms
  A dart slug (D:4)
  8 leopard geckos
  40 orcs
  9 bats
  7 giant cockroaches
  10 goblins
  8 hobgoblins
  3 jackals (D:10)
  13 kobolds
  5 quokkas
  A ball python (D:1)
  7 frilled lizards
  A goblin skeleton (D:4)
  3 goblin zombies (D:4)
  A hobgoblin zombie (D:4)
  A jackal zombie (D:8)
  2 kobold skeletons (D:4)
  A leopard gecko skeleton (D:4)
  2 orc skeletons (D:4)
  2 orc zombies (D:4)
  3 rats
361 creatures vanquished.

Vanquished Creatures (collateral kills)
  5 killer bees
5 creatures vanquished.

Vanquished Creatures (others)
  An ogre (D:8)
  3 killer bees
  An orc wizard (D:7)
  7 plants (D:7)
12 creatures vanquished.

Grand Total: 378 creatures vanquished

Notes
Turn   | Place    | Note
-------+----------+-------------------------------------------
     0 | D:1      | Gabide the Human Fighter began the quest for the Orb.
     0 | D:1      | Reached XP level 1. HP: 18/18 MP: 1/1
    64 | D:1      | Reached XP level 2. HP: 24/24 MP: 2/2
   303 | D:1      | Reached XP level 3. HP: 29/29 MP: 3/3
   772 | D:2      | Reached XP level 4. HP: 30/35 MP: 4/4
   827 | D:2      | Reached skill level 1 in Throwing
   952 | D:2      | Reached skill level 3 in Maces & Flails
  1328 | D:2      | Reached XP level 5. HP: 38/41 MP: 3/5
  2612 | D:4      | Noticed a phantom
  2646 | D:4      | Killed a phantom
  2646 | D:4      | Reached XP level 6. HP: 45/48 MP: 4/6
  2652 | D:4      | Found a hazy altar of Hepliaklqana.
  2652 | D:4      | Found a sparkling altar of Nemelex Xobeh.
  2654 | D:4      | Found a burning altar of Makhleb.
  2749 | D:4      | Found a glowing golden altar of the Shining One.
  2792 | D:4      | Reached skill level 4 in Maces & Flails
  2899 | D:4      | Found a stormy altar of Qazlal.
  2908 | D:4      | Noticed an ogre
  2917 | D:4      | Killed an ogre
  2917 | D:4      | Reached XP level 7. HP: 47/55 MP: 7/7
  3253 | D:4      | Became a worshipper of Qazlal Stormbringer
  3256 | D:5      | Entered Level 5 of the Dungeon
  3308 | D:5      | Found a large runed translucent door.
  3311 | D:5      | Found a large runed translucent door.
  3326 | D:5      | Noticed VPR's ghost (novice GrEE)
  3672 | D:5      | Found Ziot's Gadget Emporium.
  3673 | D:5      | Found a radiant altar of Vehumet.
  4127 | D:5      | Found a shimmering blue altar of Sif Muna.
  4134 | D:5      | Reached XP level 8. HP: 61/61 MP: 8/8
  4226 | D:6      | Reached skill level 5 in Maces & Flails
  4226 | D:6      | Reached skill level 5 in Armour
  4283 | D:6      | Reached skill level 5 in Fighting
  4605 | D:6      | Reached * piety under Qazlal
  5074 | D:7      | Noticed a hippogriff
  5099 | D:7      | Reached XP level 9. HP: 38/68 MP: 9/9
  5101 | D:7      | Reached skill level 6 in Maces & Flails
  5123 | D:7      | Reached skill level 5 in Shields
  5611 | D:7      | Killed a hippogriff
  5649 | D:7      | Noticed Menkaure
  5667 | D:7      | Killed Menkaure
  5794 | D:7      | Found a staircase to the Ecumenical Temple.
  5823 | D:7      | Reached skill level 1 in Invocations
  6100 | D:7      | Reached skill level 7 in Maces & Flails
  6145 | D:7      | Reached XP level 10. HP: 61/77 MP: 9/11
  6297 | D:7      | Reached ** piety under Qazlal
  6558 | D:7      | Found an ancient bone altar of Kikubaaqudgha.
  6595 | D:7      | Reached skill level 8 in Maces & Flails
  7059 | D:8      | Noticed Harold
  7079 | D:8      | Killed Harold
  7146 | D:8      | Reached skill level 9 in Maces & Flails
  7356 | D:8      | Noticed Pikel
  7363 | D:8      | Killed Pikel
  7363 | D:8      | Reached XP level 11. HP: 57/84 MP: 13/13
  7615 | D:8      | Noticed Maurice
  7629 | D:8      | Killed Maurice
  7629 | D:8      | Reached skill level 10 in Maces & Flails
  7675 | D:8      | Noticed Grum
  7684 | D:8      | Reached *** piety under Qazlal
  7693 | D:8      | Killed Grum
  7764 | D:8      | Noticed Psyche
  7778 | D:8      | Killed Psyche
  8120 | D:9      | Identified the Guide on the Mountains
  8209 | D:9      | Found a transporter.
  8209 | D:9      | Noticed Curus's ghost (novice DsBe)
  8262 | D:9      | Reached skill level 11 in Maces & Flails
  8435 | D:9      | Found a transporter.
  8517 | D:9      | Killed Curus's ghost
  8638 | D:9      | Found a white marble altar of Elyvilon.
  8764 | D:9      | Found Raywe's Weapon Shop.
  8856 | D:10     | Entered Level 10 of the Dungeon
  9033 | D:10     | Reached **** piety under Qazlal
  9038 | D:10     | Reached XP level 12. HP: 78/95 MP: 1/15
  9113 | D:10     | Noticed a two-headed ogre
  9137 | D:10     | Killed a two-headed ogre
  9991 | D:10     | Reached skill level 12 in Maces & Flails
 10263 | D:10     | Reached skill level 5 in Invocations
 10856 | D:11     | Found a staircase to the Lair.
 11392 | D:12     | Reached skill level 10 in Fighting
 11551 | D:12     | Found Rekuc's Antique Weapon Boutique.
 11555 | D:12     | Found a roughly hewn altar of Beogh.
 11644 | D:9      | Bought the +8 war axe of Dissent {drain, rF+ rC- Str+2} for
                  | 862 gold pieces
 11762 | D:12     | Reached skill level 1 in Axes
 11956 | D:12     | Reached XP level 13. HP: 103/103 MP: 17/17
 11981 | D:12     | Noticed Jorgrun
 12020 | D:12     | HP: 2/103 [Jorgrun/uncursed staff of earth (7)]
 12020 | D:12     | Slain by Jorgrun

Levels and vault maps discovered:
D:1:      lemuel_arrival_room, layout_loops_ring
D:2:      layout_loops_corners, chequers_mini_garden
D:3:      layout_loops_ring
D:4:      layout_basic, nicolae_tso_besieged_by_evil,
          nicolae_qazlal_general_emergency, gammafunk_temple_overflow_claw
D:5:      layout_gridville, led_sif_book, basic_altar, serial_shops, shop,
          ebering_ghost_disaster_area, first_ration, minmay_misc_feat_square
D:6:      layout_loops_corners
D:7:      minmay_the_grid_square_5x5_3x3 [minmay_the_grid_square_5x5_six_small,
          minmay_the_grid_square_5x5_minivault, minmay_the_grid_square_5x5_meh,
          minmay_the_grid_square_5x5_seven,
          minmay_the_grid_square_5x5_megaprize_diamond,
          minmay_the_grid_square_5x5_intrusive_squares,
          minmay_the_grid_square_5x5_misaligned,
          minmay_the_grid_square_5x5_trominoes,
          minmay_the_grid_square_5x5_checkered_statues], layout_rooms,
          lemuel_coloured_pillars_altar, minmay_temple_entry_gardened_gates,
          uniq_menkaure
D:8:      layout_loops_cross, uniq_grum, uniq_psyche, uniq_harold, uniq_pikel,
          uniq_maurice
D:9:      layout_basic, elyvilon_altar_4, gammafunk_ghost_mausoleum,
          serial_shops, kennysheep_mini
D:10:     layout_irregular_city
D:11:     layout_basic, minmay_lair_entry_grove
D:12:     layout_roguey [special_room_orc], orc_0_dummy, serial_shops, shop,
          uniq_jorgrun

Skill      XL: |  1  2  3  4  5  6  7  8  9 10 11 12 |
---------------+-------------------------------------+-----
Throwing       | 1 2 3 4 |  4.8
Maces & Flails | 3 4 5 7 9 11 12 | 12.7
Fighting       | 4 5 6 7 9 10 | 10.2
Armour         | 4 5 6 7 8 9 |  9.2
Shields        | 4 5 6 |  6.0
Invocations    | 2 3 4 5 |  5.8
Axes           | 2 |  2.3
Stealth        | |  0.2
Evocations     | |  0.6

Action                   |  1- 3 |  4- 6 |  7- 9 | 10-12 | 13-15 || total
-------------------------+-------+-------+-------+-------+-------++-------
Melee: Flail             |    79 |   248 |   332 |    14 |       ||   673
       Mace              |       |    24 |       |       |       ||    24
       Great mace        |       |       |       |   572 |       ||   572
       War axe           |       |       |       |    43 |    11 ||    54
Throw: Stone             |    57 |   116 |    14 |       |       ||   187
       Boomerang         |       |       |    94 |    34 |       ||   128
       Throwing net      |       |       |       |     2 |       ||     2
Invok: Upheaval          |       |       |       |     6 |       ||     6
       Elemental Force   |       |       |       |     1 |       ||     1
Evoke: Wand              |       |       |     2 |    18 |       ||    20
       Lightning rod     |       |       |       |     8 |       ||     8
       Lamp of fire      |       |       |       |     2 |       ||     2
  Use: Scroll            |     1 |     8 |    10 |    16 |     1 ||    36
       Potion            |       |     1 |     4 |     8 |     2 ||    15
 Stab: Paralysed         |       |       |       |     9 |       ||     9
       Invisible         |       |       |       |     1 |       ||     1
  Eat: Chunk             |       |     3 |     4 |     6 |       ||    13
       Ration            |       |     1 |     4 |     5 |       ||    10
Armor: Scale mail        |    26 |    79 |       |       |       ||   105
       Chain mail        |       |    43 |   155 |   403 |    17 ||   618
Dodge: Dodged            |    25 |    89 |   128 |   275 |     3 ||   520
       Deflected         |       |       |       |     2 |       ||     2
Block: Shield            |    39 |   138 |   199 |    41 |     2 ||   419
       Other             |       |       |       |   124 |       ||   124
